 Dungeon Crawl Stone Soup version 0.27-a0-998-g4cfe56dd59 (webtiles) character file.

Game seed: 5424943445929129700

5 spiderkeys the Magician (level 1, 0/7 HPs)
             Began as a Felid Hedge Wizard on Apr 17, 2021.
             Slain by a ball python (1 damage)
             ... on level 1 of the Dungeon.
             The game lasted 00:00:44 (35 turns).

spiderkeys the Magician (Felid Hedge Wizard)          Turns: 35, Time: 00:00:45

Health: 0/7        AC:  1    Str:  6    XL:     1   Next: 66%
Magic:  0/5        EV: 17    Int: 15    God:
Gold:   0          SH:  0    Dex: 15    Spells: 5/6 levels left
                                        Lives:  0   Deaths: 0

rFire    . . .     SeeInvis +   (weapon unavailable)
rCold    . . .     Faith    .   (shield unavailable)
rNeg     . . .     Spirit   .   (armour unavailable)
rPois    .         Reflect  .   (helmet unavailable)
rElec    .         Harm     .   (cloak unavailable)
rCorr    .         Rampage  .   (gloves unavailable)
Will     .....                  (boots unavailable)
Stlth    +++.......             (no amulet)
HPRegen  0.02/turn              (no ring)
MPRegen  0.09/turn              (no ring)

@: very slightly contaminated, quick
A: very small, claws 1, fangs 3, see invisible, speed 1, shaggy fur 1, stealthy
paws, no weapons or thrown items, no armour, multi-lived
a: no special abilities


You were on level 1 of the Dungeon.
You visited 1 branch of the dungeon, and saw 1 of its levels.


Innate Abilities, Weirdness & Mutations

You have sharp claws.
You have razor-sharp teeth.
You have supernaturally acute eyesight. (SInv)
You cover ground quickly. (Speed+)
You are covered in fur. (AC +1)
Your stealthy paws help you sneak and pounce on unaware monsters.
You are incapable of wielding weapons or throwing items.
You cannot wear armour.
You gain extra lives every three experience levels.


   Skills:
 + Level 2.8 Dodging
 + Level 2.8 Stealth
 + Level 3.0 Spellcasting
 + Level 1.0 Conjurations
 + Level 1.1 Summonings
 + Level 1.8 Translocations


You had 5 spell levels left.
You knew the following spells:

 Your Spells              Type           Power      Damage    Failure   Level
m - Magic Dart            Conj           20%        1d4       13%         1

Your spell library contained the following spells:

 Spells                   Type           Power      Damage    Failure   Level
 Blink                    Tloc           N/A        N/A       14%         2
 Call Imp                 Summ           5%         N/A       19%         2
 Slow                     Hex            2%         N/A       30%         2
 Conjure Flame            Conj/Fire      3%         6-21      43%         3
 Mephitic Cloud           Conj/Pois/Air  3%         N/A       45%         3

You aren't carrying anything.

Dungeon Overview and Level Annotations

Branches:
Dungeon (1/15)

Altars:

... .. .. .. #.. ##.
....# #.# #.. ....###
#... #J# .........
#..##h###..........#
#...@S..#.........#
#....##...........#
...###..###..#.#.....#
....$.).....##.......#
.............#.......#
..................#
..............<...#
....................#
....................#


You could see an endoplasm, a jackal and a ball python.


Message History

Will you be the one to retrieve the fabulous Orb of Zot from the depths?
Press ? for a list of commands and other information.
Found two stairs.
A bat comes into view.
A bat is nearby!
Okay, then.
Okay, then.
A kobold comes into view. It is wielding a +0 short sword.
The kobold shouts!
The magic dart hits the bat. 😎 MP[-1]
You lost 1 mp, and now have 4/5 mp.
You miscast Magic Dart.
You are very lightly contaminated with residual magic.
Nothing appears to happen.
The bat hits you.
The bat barely misses you. 😕 HP[-1] MP[-1]
You take 1 damage, and now have 6/7 hp.
You lost 1 mp, and now have 3/5 mp.
The magic dart hits the bat.
The bat misses you. 😕 MP[-1]
You lost 1 mp, and now have 2/5 mp.
The magic dart hits the bat but does no damage.
The bat misses you. 😕 MP[-1]
You lost 1 mp, and now have 1/5 mp.
The magic dart hits the bat.
You kill the bat! 😕 MP[-1]
You lost 1 mp, and now have 0/5 mp.
A jackal comes into view.
The kobold misses you.
You barely miss the kobold. The kobold closely misses you.
You scratch the kobold. The kobold closely misses you.
Your magical contamination has completely faded away.
You scratch the kobold.
You kill the kobold!
Your Conjurations skill increases to level 1! 2 jackals come into view.
The jackal barks! x2
The jackal moves out of view.
An endoplasm comes into view. 😕 MP[+1]
The jackal barks!
The endoplasm quivers.
You scratch the jackal but do no damage.
The jackal misses you.
The jackal bites you but does no damage.
You scratch the jackal. The jackal misses you.
You barely miss the jackal. The jackal completely misses you.
You scratch the jackal. The jackal barely misses you.
You scratch the jackal but do no damage.
The jackal closely misses you. x2
You scratch the jackal.
You kill the jackal!
The jackal completely misses you. The jackal barely misses you.
You scratch the jackal. The jackal misses you. x2
The jackal barely misses you. x2
You scratch the jackal. You bite the jackal.
The jackal bites you but does no damage.
The jackal closely misses you.
You scratch the jackal.
You kill the jackal!
The jackal closely misses you.
You closely miss the jackal. The jackal misses you.
The jackal barely misses you.
You barely miss the jackal. The jackal closely misses you. 😕 MP[+1]
You barely miss the jackal. The jackal misses you.
A ball python comes into view.
The jackal completely misses you.
You barely miss the jackal. Your bite misses the jackal.
The jackal completely misses you.
You barely miss the jackal. The jackal misses you.
You scratch the jackal. The jackal bites you.
* * * LOW HITPOINT WARNING * * *
The jackal bites you.
* * * LOW HITPOINT WARNING * * *
😨 HP[-4]
You take 4 damage, and now have 2/7 hp.
MASSIVE DAMAGE!! (PAUSE)
You are too injured to fight recklessly!
Casting: Magic Dart (safe; 13% risk of failure)
Confirm with . or Enter, or press ? or * to list all spells.
Aiming: Magic Dart (safe; 13% risk of failure)
Press: ? - help, Shift-Dir - straight line, f - jackal
Aim: a jackal (severely wounded, 100% to hit)
The magic dart hits the jackal.
The jackal barely misses you. 😨 MP[-1]
You lost 1 mp, and now have 1/5 mp.
Casting: Magic Dart (safe; 13% risk of failure)
Confirm with . or Enter, or press ? or * to list all spells.
Aiming: Magic Dart (safe; 13% risk of failure)
Press: ? - help, Shift-Dir - straight line, f/p - jackal
Aim: a jackal (almost dead, 100% to hit)
You miscast Magic Dart.
You are very lightly contaminated with residual magic.
Nothing appears to happen.
The ball python barely misses you. The ball python closely misses you.
The jackal bites you.
* * * LOW HITPOINT WARNING * * *
The ball python bites you.
You die...

Skill      XL: |  1 |
---------------+----+-----
Conjurations   | 1 |  1.0
Dodging        | |  2.8
Stealth        | |  2.8
Spellcasting   | |  3.0
Summonings     | |  1.1
Translocations | |  1.8

Action                   || total
-------------------------++-------
Melee: Unarmed           ||    18
       Bite              ||     1
 Cast: Magic Dart        ||     5
Armor: Skin              ||     2
Dodge: Dodged            ||    30

Levels and vault maps discovered:
D:1:      wander_arrival_peaceful_grave, layout_rooms,
          hellmonk_ecumenical_altar_slurped_away

Notes
Turn   | Place    | Note
-------+----------+-------------------------------------------
     0 | D:1      | spiderkeys the Felid Hedge Wizard began the quest for the
                  | Orb.
     0 | D:1      | Reached XP level 1. HP: 7/7 MP: 5/5
     0 | D:1      | magus.rc [v1.9.10]
    16 | D:1      | Reached skill level 1 in Conjurations
    35 | D:1      | HP: 1/7 [jackal (1)]
    35 | D:1      | Slain by a ball python

Vanquished Creatures
  A bat (D:1)
  2 jackals (D:1)
  A kobold (D:1)
4 creatures vanquished.

Table legend:
 A = Non-vault XP
 B = Vault XP
 C = Vault XP percentage of total XP
 D = Non-vault monster count
 E = Vault monster count
 F = Vault count percentage of total count
                 A         B        C        D         E       F
            +---------+---------+-------+---------+---------+-------
      Total |       8 |       0 |   0.0 |       4 |       0 |   0.0
            +---------+---------+-------+---------+---------+-------
        D:1 |       8 |       0 |   0.0 |       4 |       0 |   0.0
            +---------+---------+-------+---------+---------+-------

Illustrated notes

Table legend:
 A = Kills in this place as a percentage of kills in entire the game.
 B = Kills by you in this place as a percentage of kills by you in the entire game.
 C = Kills by friends in this place as a percentage of kills by friends in the entire game.
 D = Other kills in this place as a percentage of other kills in the entire game.
 E = Experience gained in this place as a percentage of experience gained in the entire game.
 F = Experience gained in this place divided by the number of levels of this place that you have seen.
                   A       B       C       D       E      F
               +-------+-------+-------+-------+-------+----------------------
         Total | 100.0 | 100.0 |   N/A |   N/A | 100.0 |   8.0
       Dungeon | 100.0 | 100.0 |   N/A |   N/A | 100.0 |   8.0
               +-------+-------+-------+-------+-------+----------------------

Table legend: (Time is in decaauts)
 A = Elapsed time spent in this place.
 B = Non-inter-level travel time spent in this place.
 C = Inter-level travel time spent in this place.
 D = Time resting spent in this place.
 E = Time spent auto-exploring this place.
 F = Levels seen in this place.
 G = Mean time per level.
                   A        B        C        D        E       F      G
               +--------+--------+--------+--------+--------+-----+--------+
         Total |     32 |     32 |      0 |      0 |      4 |   1 |   32.0 |
       Dungeon |     32 |     32 |      0 |      0 |      4 |   1 |   32.0 |
               +--------+--------+--------+--------+--------+-----+--------+

Top non-repeatable levels by time:
     D:1: 32 daAuts
